Cogmind - Beta 9.3 @@@ ROGUE MODE // 2019.12.28 @ 17:10:49 // Winter2019/RPGLIKE Player: BadAss McGhee Result: Destroyed by Y-45 Defender with Heavy Assault Rifle Performance ------------- Evolutions (1) 500 Regions Visited (2) 400 Robots Destroyed (34) 170 Value Destroyed (994) 994 Prototype IDs (3) 60 Alien Tech Used (0) 0 Bonus (43) 43 TOTAL SCORE: 2167 Bonus ------- High Alert Combat Kills 43 Cogmind --------- Core Integrity 0/650 Matter 290/300 Energy 260/260 System Corruption 0% Temperature Cool (0) Movement Walking (120) Location -9/Materials Parts ------- > --- POWER (1) -------- Light Nuclear Core > --- PROPULSION (2) --- Aluminum Leg Improved Aluminum Leg > --- UTILITY (3) ------ Weight Redist. System Advanced Terrain Scanner Terrain Scan Processor > --- WEAPON (1) ------- Katana > --- INVENTORY (3) ---- Transport Network Coupler Improved EM Shotgun Datajack Peak State ------------ > --- POWER ------------ Light Nuclear Core > --- PROPULSION ------- Improved Aluminum Leg Flight Unit > --- UTILITY ---------- Weight Redist. System Advanced Terrain Scanner Terrain Scan Processor > --- WEAPON ----------- Improved EM Shotgun > --- INVENTORY -------- Transport Network Coupler Datajack Katana [Rating: 16] Favorites ----------- Power Light Nuclear Core Engine Ion Engine Power Core Light Nuclear Core Propulsion Compact Wheel Leg Improved Aluminum Leg Wheel Compact Wheel Flight Unit Flight Unit Utility Heat Sink Device Heat Sink Processor Terrain Scan Processor Weapon Medium Laser Energy Gun Medium Laser Energy Cannon Heavy Particle Cannon Launcher Grenade Launcher Slashing Weapon Katana Special Melee Weapon Datajack Build | -11 -10 -9 ------- Run | Scr Mat Mat Slots Evolved 3 | 2 . 1 Power . | . . . Propulsion 1 | 1 . . Utility 2 | 1 . 1 Weapon . | . . . Parts Attached 51 | 4 13 34 Power 2 | 1 1 . Engine 1 | 1 . . Core 1 | . 1 . Reactor . | . . . Propulsion 8 | 2 . 6 Treads . | . . . Leg 2 | . . 2 Wheel 2 | 2 . . Hover . | . . . Flight 4 | . . 4 Utility 7 | . 3 4 Device 6 | . 3 3 Storage . | . . . Processor 1 | . . 1 Hackware . | . . . Protection . | . . . Artifact . | . . . Weapon 34 | 1 9 24 Energy Gun 16 | 1 4 11 Energy Cannon 2 | . . 2 Ballistic Gun . | . . . Ballistic Cannon . | . . . Launcher 1 | . 1 . Special Weapon . | . . . Impact Weapon . | . . . Slashing Weapon 1 | . . 1 Piercing Weapon . | . . . Special Melee Weapon 14 | . 4 10 Unidentified Prototypes 1 | . . 1 Parts Lost 1 | . . 1 Power . | . . . Propulsion 1 | . . 1 Utility . | . . . Weapon . | . . . Highest Loss Streak 1 | . . 1 Average Slot Usage (%) 88 | . 76 97 Engine 1 | . 3 . Core 13 | . 12 14 Leg 1 | . . 2 Wheel 22 | . 33 13 Flight 6 | . . 11 Device 20 | . 10 29 Processor 6 | . . 11 Energy Gun 9 | . 14 5 Energy Cannon 1 | . . 3 Special Melee Weapon 2 | . 1 4 Naked Turns . | . . . Heaviest Build 14 | 7 9 14 Greatest Support 29 | 26 26 29 Greatest Overweight (x) 2 | 1 . 2 Average Overweight (x) . | . . . Largest Inventory Capacity 3 | 2 2 3 Average Capacity 2 | 2 2 2 Most Carried 3 | 2 2 3 Average Carried 2 | 1 1 2 Final Capacity 3 | 2 2 3 Final Carried 3 | 2 2 3 Class Distribution -------------------- 72% | Mutant 12% | Scout 4% | Scavenger-Scout 3% | Assassin 3% | Scavenger-Mutant Dominant Class ---------------- Mutant | -10/Materials Mutant | -9/Materials Resources | -11 -10 -9 ----------- Run | Scr Mat Mat Matter Collected 715 | 240 77 398 Remotely . | . . . Salvage Created 933 | . 125 808 Parts 68 | . 16 52 Haulers Intercepted 1 | . . 1 Recyclers Shooed . | . . . Parts Field Recycled . | . . . Retrieved Matter . | . . . Parts Self-Destructed . | . . . Prevented . | . . . Kills | -11 -10 -9 ------- Run | Scr Mat Mat Combat Hostiles Destroyed 32 | . 10 22 Guns 22 | . 7 15 Cannons 3 | . . 3 AOE 6 | . 2 4 Classes Destroyed 6 | . 1 5 Builder 1 | . . 1 Hauler 1 | . . 1 Swarmer 9 | . . 9 Grunt 19 | . 10 9 Duelist 1 | . . 1 Sentry 3 | . . 3 Best Kill Streak 6 | . 2 6 Combat Bots Only 4 | . 2 4 Max Kills in Single Turn 2 | . 1 2 Gunslinging . | . . . Exploded 2 | . 1 2 Melee . | . . . Uniques/NPCs Destroyed . | . . . Combat | -11 -10 -9 -------- Run | Scr Mat Mat Damage Taken 1934 | . 645 1289 Core 1630 | . 531 1099 Absorbed by Shields . | . . . Redirected to Core 1000 | . 372 628 Core Remaining (%) 97 | 100 95 . Volleys Fired 129 | . 56 73 Largest 1 | . 1 1 Hottest 75 | . 50 75 Shots Fired 129 | . 56 73 Gun 110 | . 54 56 Cannon 17 | . . 17 Launcher 2 | . 2 . Special . | . . . Kinetic . | . . . Thermal 71 | . 54 17 Explosive 2 | . 2 . Electromagnetic 56 | . . 56 Robot Hit Streak 17 | . 10 17 Robot Miss Streak 8 | . 2 8 Penetration Max . | . . . Secondary Targets . | . . . Shots Hit Robots 111 | . 44 67 Core Hits 63 | . 23 40 Critical Hits 1 | . . 1 Critical Kills . | . . . Critical Parts Destroyed 1 | . . 1 Melee Attacks 9 | . 2 7 Impact . | . . . Slashing 4 | . . 4 Piercing . | . . . Sneak Attacks 2 | . . 2 Combat Hostiles . | . . . Follow-up Attacks . | . . . Damage Inflicted 2165 | . 686 1479 Guns 1335 | . 564 771 Cannons 275 | . . 275 Explosions 433 | . 122 311 Melee 122 | . . 122 Ramming . | . . . Kinetic . | . . . Thermal 1150 | . 564 586 Explosive 122 | . 122 . Electromagnetic 771 | . . 771 Impact . | . . . Slashing 122 | . . 122 Piercing . | . . . Highest Corruption 1 | . 1 . Average Corruption 1 | . 1 . Corruption Purged . | . . . Overload Shots . | . . . Overflow Damage 4 | . . 4 Projectiles . | . . . Explosions 4 | . . 4 Melee . | . . . Knockbacks . | . . . Impact . | . . . Kinetic . | . . . Secondary . | . . . Self-Inflicted Damage 185 | . . 185 Shots 6 | . . 6 Rammed . | . . . Targets Rammed . | . . . Kicked . | . . . Crushed . | . . . Highest Temperature 169 | . 169 . Average Temperature 30 | . 30 . Received Heat Transfer 585 | . 351 234 Siege Activations . | . . . Robots Corrupted . | . . . Combat Hostiles . | . . . Parts Fried 3 | . . 3 Impact Corruptions . | . . . Robots Melted 1 | . 1 . Combat Hostiles 1 | . 1 . Parts Melted 5 | . 5 . Heat Transferred 2422 | . 1665 757 Parts Sabotaged . | . . . Parts Stolen . | . . . Parts Stripped . | . . . Power Chain Reactions 6 | . . 6 Missiles Intercepted . | . . . Alert | -11 -10 -9 ------- Run | Scr Mat Mat Peak Influence 591 | . 170 591 Average Influence 200 | . 70 314 Maximum Alert Level 2 | . . 2 Low Security (%) 62 | 100 100 30 Level 1 21 | . . 39 Level 2 15 | . . 29 Level 3 . | . . . Level 4 . | . . . Level 5 . | . . . High Security . | . . . Max Security . | . . . Squads Dispatched 5 | . 1 4 Investigation . | . . . Extermination . | . . . Reinforcement 5 | . 1 4 Assault . | . . . Garrison . | . . . Intercept . | . . . Construction Impeded . | . . . Haulers Reinforced . | . . . Stealth | -11 -10 -9 --------- Run | Scr Mat Mat Distress Signals 4 | . 3 1 Communications Jammed . | . . . Distress Signals . | . . . Times Spotted 54 | . 19 35 Peak Tracking Total 7 | . 5 7 Tactical Retreats 1 | . 1 . Traps | -11 -10 -9 ------- Run | Scr Mat Mat Traps Triggered 1 | . 1 . Indirectly . | . . . Trap Hack Attempts . | . . . Triggered . | . . . Disarmed . | . . . Reprogrammed . | . . . Reused . | . . . Traps Extracted . | . . . Installed . | . . . Triggered . | . . . Machines | -11 -10 -9 ---------- Run | Scr Mat Mat Machines Disabled 3 | . . 3 Max in Single Turn 1 | . . 1 Machines Sabotaged . | . . . Garrisons Compromised . | . . . Overloaded Fab Kills . | . . . Fab Network Shutdowns . | . . . Hacking | -11 -10 -9 --------- Run | Scr Mat Mat Machines Accessed 7 | . 4 3 Terminals 5 | . 3 2 Fabricators . | . . . Repair Stations . | . . . Recycling Units 1 | . 1 . Scanalyzers 1 | . . 1 Garrison Access . | . . . Total Hacks 12 | . 6 6 Successful 9 | . 5 4 Failed 3 | . 1 2 Catastrophic . | . . . Database Lockouts . | . . . Manual . | . . . Terminals 9 | . 5 4 Fabricators . | . . . Repair Stations . | . . . Recycling Units 1 | . 1 . Scanalyzers 2 | . . 2 Garrison Access . | . . . Terminal Hacks 6 | . 4 2 Record 2 | . 1 1 Prototype ID Bank 1 | . 1 . Branch Access Points 1 | . 1 . Maintenance Status 1 | . . 1 Hauler Manifests 1 | . 1 . Fabricator Hacks . | . . . Repair Station Hacks . | . . . Recycling Unit Hacks 1 | . 1 . Report Inventory 1 | . 1 . Scanalyzer 2 | . . 2 Insert Component 1 | . . 1 Analyze 1 | . . 1 Garrison Access Hacks . | . . . Unauthorized Hacks . | . . . Terminals . | . . . Fabricators . | . . . Repair Stations . | . . . Recycling Units . | . . . Scanalyzers . | . . . Garrison Access . | . . . Data Cores Recovered . | . . . Used . | . . . Hacking Detections 4 | . 2 2 Full Trace Events . | . . . Feedback Events . | . . . Feedback Blocked . | . . . Robot Schematics Acquired . | . . . Robots Built . | . . . Matter . | . . . Time . | . . . Total Robot Build Rating . | . . . Part Schematics Acquired 1 | . . 1 Parts Built . | . . . Matter . | . . . Time . | . . . Total Part Build Rating . | . . . Parts Repaired . | . . . Time . | . . . Parts Recycled . | . . . Recycled Matter . | . . . Retrieved Matter . | . . . Retrieved Components . | . . . Parts Scanalyzed 1 | . . 1 Part Schematics Acquired 1 | . . 1 Parts Damaged . | . . . Bothacking | -11 -10 -9 ------------ Run | Scr Mat Mat Used RIF Installer . | . . . Robots Hacked 3 | . 1 2 Non-combat 1 | . . 1 Combat 2 | . 1 1 Robot Hacks Applied 4 | . 1 3 parse_system 3 | . 1 2 find_recycling 1 | . . 1 Relay Couplers Released . | . . . Robots Rewired . | . . . Allies Hacked . | . . . Hacks Repelled . | . . . Allies | -11 -10 -9 -------- Run | Scr Mat Mat Total Allies . | . . . Largest Group . | . . . Highest-Rated Group . | . . . Highest-Rated Ally . | . . . Total Orders . | . . . Ally Attacks . | . . . Total Damage . | . . . Kills . | . . . Allies Corrupted . | . . . Allies Melted . | . . . Intel | -11 -10 -9 ------- Run | Scr Mat Mat Robot Analysis Total . | . . . Derelict Logs Recovered . | . . . Drone Launches . | . . . Drone Recoveries . | . . . Exploration | -11 -10 -9 ------------- Run | Scr Mat Mat Turns Passed 1392 | 32 611 749 Spaces Moved 845 | 28 410 407 Core 7 | 7 . . Treads . | . . . Legs 35 | . . 35 Wheels 624 | 21 410 193 Hover . | . . . Flight 179 | . . 179 Fastest Speed 37 | 50 90 37 Average Speed 82 | 81 90 74 Slowest Speed 205 | 100 90 205 Overloaded Moves . | . . . Propulsion Burnouts . | . . . Robots Hopped . | . . . Cave-ins Triggered . | . . . Exploration Rate (%) 39 | 3 72 43 Regions Visited 2 Branch Regions . Pre-discovered Areas . | . . . Known Exits Taken . | . . . Unknown Exits Taken 2 | 1 1 . Scrap Searched . | . . . Spaces Dug . | . . . Terrain Destroyed 25 | . 5 20 Melee . | . . . Projectile 5 | . . 5 AOE 20 | . 5 15 Actions | -11 -10 -9 --------- Run | Scr Mat Mat Total 1386 | 35 589 762 Wait 268 | . 73 195 Move 843 | 27 409 407 Hop . | . . . Pick Up 16 | 4 2 10 Fast Attach 13 | 2 4 7 Attach 5 | 2 . 3 Detach . | . . . Swap 33 | . 9 24 Drop 18 | . 4 14 Fire 129 | . 56 73 Melee 9 | . 2 7 Ram . | . . . Kick . | . . . Crush . | . . . Escape Stasis . | . . . Rewire . | . . . Trap . | . . . Miscellaneous 52 | . 30 22 Route ------- -11/Scrapyard -10/Materials (discovered 2 exits: *Mat / *Min) -9/Materials (discovered 1 exit: [*Min]) History --------- Turn | Location | Event 1 | -11/Scrapyard | Upgraded with Propulsion slot (x1) 1 | -11/Scrapyard | Upgraded with Utility slot (x1) 5 | -11/Scrapyard | Discovered new exit (range 18) 33 | -11/Scrapyard | Entered Materials 307 | -10/Materials | Build established: Mutant 338 | -10/Materials | Discovered new exit (range 16) 434 | -10/Materials | Identified exit to Mines 613 | -10/Materials | Discovered new exit (range 4) 644 | -10/Materials | Entered another Materials area 646 | -9/Materials | Reached level 2 652 | -9/Materials | Upgraded with Utility slot (x1) 669 | -9/Materials | Reached level 3 934 | -9/Materials | Discovered new exit (range 19) 964 | -9/Materials | Core integrity fell below 50% 1043 | -9/Materials | Core integrity fell below 20% 1131 | -9/Materials | Reached level 4 1393 | -9/Materials | Destroyed by Y-45 Defender with Heavy Assault Rifle Last Messages --------------- 01301_ Imp. EM Shotgun severed. 01303_ Jacked L-31 Rogue... >>parse_system Reading system data... 01305_ R-06 Scavenger collects Ion Engine. 01305_ Acquired Imp. EM Shotgun. 01308_ Melee Analysis Suite fried. 01308_ L-31 Rogue destroyed. 01309_ Acquired 84 matter. 01310_ R-06 Scavenger collects Heat Sink. 01311_ Dropped Heat Sink. 01311_ Acquired Katana. 01313_ Acquired Imp. Aluminum Leg. 01313_ R-06 Scavenger collects Sml. Laser. 01315_ Dropped Flight Unit. 01316_ R-06 Scavenger collects Flight Unit. 01316_ Acquired Aluminum Leg. 01319_ Acquired 29 matter. 01355_ Acquired 10 matter. 01388_ Lgt. Treads severed. Map ----- +----------------------------------------------------+ | ??????????####### """ # #! ? | | ????????#?##?#### # ##### //! | | ???????########?###############?##### /!! | | ????????#########?##?####?##### ##### /!! | | ???????###### ############# ##### | | ???????###### ##### = | | ???########## + | | ???##?####### ?#### """ | | ????######### ########?########## """ | | ???########### #################### """ | | ????# # #################### | | ????# """ # # " # #######+#### | | ???## "R" + # ""S #% | | ???## "?" # #[ ""=%? T | | ????# # # " | | ##### """ # # !"! #######+#### | | ?##?# """ # # ##? #### [= | | ##### """ # ########## #### [ | | ####? # #### | | ##?#?######### + | | ##?########### #### """ """ | | #?##?######### ################# """ """ | | #?#?########## ################# """ """ | | #?###?######## ################# | | ##?########### ########################## | | ###?########## #@ % ################ | | #??########### =Y ###############? | | ########?##### # #############??? | | #### ? # # ###############? | | ####? """ # #########################? | | #?## ? ?"" # ################?####?###? | | ?###? """ + #####################?#??? | | #?#? ? # #####################?#??? | | #### ?? ?# ##################?#?#?#?? | | ##?# ? ?# ####?#?############?????#? | | ?### ? # ######?#?##########?#????? | | ???# #######?# ##?##??######?####???????? | | ??#?####?# ### ###???##?##??#??##??#????? | | ???###?#?# #?# ######?###?#?#??##???????? | | ????#####???## ##?##?####?#?????#???????? | | ?????##### #?# ?###?########?#??????????? | | ??????####??## #########?#?#????????????? | | ???????##? ### ###?###?###??????????????? | | ?????????? ##? #####?#?##???????????????? | | ?????????????#? ########?????????????????? | | ???????????????????##??#??????????????????? | | ??????????????????????????????????????????? | | ??????????????????????????????????????????? | | ??????????????????????????????????????????? | | ??????????????????????????????????????????? | +----------------------------------------------------+ Best States ------------- Heat Dissipation 65 Energy Generation 24 Energy Capacity 350 Matter Stores 300 Matter Capacity 300 Sight Range 18 Robot Scan Range 18 Terrain Scan Range 20 Terrain Scan Density 285 Additional Mass Support 6 Evasion (%) 62 Item Schematics ----------------- Imp. EM Shotgun | -9/Materials | Scanalyzed Robot Schematics ------------------ None Fabricated ------------ Nothing Alien Tech Used ----------------- None Achievements -------------- Omniscient Cartographer Shopping List Challenges ------------ None RPGLIKE | -11 -10 -9 --------- Run | Scr Mat Mat Levels Raised 3 | . . 3 XP Earned 8716 | 3000 1235 4481 XP Spent 7345 | 2925 . 4420 Upgrades 29 | 12 . 17 Propulsion Slot 1 | 1 . . Utility Slot 2 | 1 . 1 Core Integrity 1 | . . 1 Heat Dissipation 5 | . . 5 Energy Generation 2 | . . 2 Energy Storage 2 | 2 . . Inventory Capacity 3 | 2 . 1 Sight Range 2 | 2 . . Sensor Range 7 | 4 . 3 Terrain Scan Density 2 | . . 2 Ranged Accuracy 2 | . . 2 Protomatter Created 557 | . 346 211 Integrity Restored 1076 | . 611 465 Core 969 | . 504 465 Parts 107 | . 107 . Protomatter Decayed 164 | . 137 27 Game ------ Seed GuidanceSeismicBoregun Manual? 0 Play Time 00:40:57 Cumulative 56.7 hours Start 2019.12.28 @ 16:23:22 End 2019.12.28 @ 17:10:49 Sessions 1 Manual Loads 0 Difficulty Rogue Special Mode Winter2019/RPGLIKE Game No. 65 Rogue 65 Adventurer 0 Explorer 0 Win Type - Total 0 Types 0/0/0/0/0/0/0 Lore% 11 Gallery% 28 Achievement% 18 Wizard Run 0 Options --------- ASCII 0 Keyboard 0 Movement Mouse Keybinds 0 Fullscreen 1 Font 18/SmallcapsGlow Map View 76x50 Tactical HUD 1 Map Filters NONE Filters NONE Steam 1 RUN: 56bc5971-b3f7-4713-ba6c-261fd93ddaef